 Dungeon Crawl Stone Soup version 0.31.0-11-ge490571c62 (webtiles) character file.

Game seed: 11211954648483992436

497 jt the Apothecary (level 7, -4/48 HPs)
             Began as a Formicid Alchemist on Feb 4, 2024.
             Was a Follower of Dithmenos.
             Slain by an ogre
             ... wielding a +0 giant club
              (27 damage)
             ... on level 5 of the Dungeon.
             The game lasted 00:10:00 (2476 turns).

jt the Apothecary (Formicid Alchemist)              Turns: 2476, Time: 00:10:01

Health: -4/48      AC:  3    Str: 12    XL:     7   Next: 39%
Magic:  6/13       EV: 11    Int: 17    God:    Dithmenos [*.....]
Gold:   248        SH:  0    Dex: 14    Spells: 6/14 levels left

rFire   . . .        k - +0 dagger (venom)
rCold   + . .        (no shield)
rNeg    . . .        u - +0 leather armour
rPois   .            (helmet unavailable)
rElec   .            (no cloak)
rCorr   .            (no gloves)
SInv    +            (no boots)
Will    .....        (no amulet)
Stlth   +++          C - ring of protection from cold
HPRegen 0.28/turn    (no ring)
MPRegen 0.13/turn

%: no passive effects
@: mighty, wreathed by umbra
A: permanent stasis, dig shafts and tunnels, antennae 3, four strong arms
a: Dig, Shaft Self, Renounce Religion


You were on level 5 of the Dungeon.
You worshipped Dithmenos.
Dithmenos was aware of your devotion.
You visited 1 branch of the dungeon, and saw 5 of its levels.

You collected 248 gold pieces.

Inventory:

Hand Weapons
 f - a +0 dagger of flaming
 k - a +0 dagger of venom (weapon)
 l - a +2 heavy mace
 s - a +2 hand axe of freezing
 y - a +0 flail of protection
 z - a +0 trident
Missiles
 g - 25 stones
 t - 4 boomerangs
 B - 2 poisoned darts
Armour
 a - a +0 robe
 j - a +0 ring mail
 u - a +0 leather armour (worn)
Jewellery
 C - a ring of protection from cold (left hand)
Talismans
 h - a blade talisman
Wands
 D - a wand of flame (9)
Scrolls
 c - a scroll of immolation {unknown}
 o - a scroll of enchant weapon {unknown}
 p - a scroll of teleportation {unknown}
 q - a scroll of fog {unknown}
 r - a scroll of noise {unknown}
 v - a scroll of torment {unknown}
 w - a scroll of identify {unknown}
 x - a scroll of brand weapon {unknown}
 A - a scroll of fear {unknown}
 E - a scroll of amnesia {unknown}
 F - a scroll of vulnerability {unknown}
Potions
 b - a potion of magic
 d - 2 potions of cancellation
 i - a potion of mutation {unknown}
 m - a potion of enlightenment {unknown}
 n - a potion of curing {unknown}


   Skills:
 + Level 1.6 Fighting
 - Level 1.7 Dodging
 + Level 4.7 Stealth
 + Level 4.3 Spellcasting
 - Level 0.8 Conjurations
 + Level 2.3 Air Magic
 + Level 6.4 Alchemy


You had 6 spell levels left.
You knew the following spells:

 Your Spells              Type           Power      Damage    Failure   Level
a - Sting                 Conj/Alch      64%        1d7       4%          1
b - Mephitic Cloud        Conj/Alch/Air  14%        N/A       16%         3
c - Olgreb's Toxic Radia  Alch           25%        N/A       14%         4

Your spell library contained the following spells:

 Spells                   Type           Power      Damage    Failure   Level
 Mercury Vapours          Alch/Air       36%        N/A       4%          2
 Sticky Flame             Fire/Alch      14%        2d5       45%         4
 Gell's Gravitas          Tloc           3%         N/A       50%         3
 Teleport Other           Tloc           3%         N/A       50%         3
 Dispersal                Tloc           1%         N/A       100%        6


Dungeon Overview and Level Annotations

Branches:
Dungeon (5/15)
 Temple: D:4-7

Altars:
Dithmenos


Innate Abilities, Weirdness & Mutations

You cannot be hasted, slowed, berserked, paralysed or teleported.
You can dig through walls and to a lower floor.
You have a pair of large antennae on your head. (SInv)
Your four strong arms can wield two-handed weapons with a shield.


Message History

Confirm with . or Enter, or press ? or * to list all spells.
Aiming: Sting (safe; 4% risk of failure)
Press: ? - help, Shift-Dir - straight line, f/p - ogre
Aim: an ogre, wielding a +0 giant club (almost dead, extremely poisoned, 88% to hit)
The sting hits the ogre.
The ogre looks as sick as possible!
The ogre is almost dead.
You hit the ogre.
You kill the ogre!
Dithmenos accepts your kill.
You hear a splash.
You enter the shallow water.
Moving in this stuff is going to be slow.
Things that are here:
a +0 giant club; an ogre corpse
Found an escape hatch in the ceiling.
An ogre comes into view. It is wielding a +0 giant club.
The ogre shouts!
Casting: Sting (safe; 4% risk of failure)
Confirm with . or Enter, or press ? or * to list all spells.
Aiming: Mephitic Cloud (dangerous; 16% risk of failure)
Press: ? - help, Shift-Dir - straight line The ball explodes into a vile cloud!
The stinking cloud engulfs the ogre.
You hear a shout!
The ogre hits you with a +0 giant club!!
Ouch! That really hurt!
Unknown command.
Okay, then.
Okay, then.
Okay, then.
Okay, then.
Okay, then.
Okay, then.
Okay, then.
It was a potion of might.
You feel very mighty all of a sudden.
You hit the ogre.
The ogre is lightly wounded.
The ogre hits you with a +0 giant club!!
Ouch! That really hurt!
You die...

....~≈≈≈......#
#....P≈≈≈~..####
#<...~≈≈~...#
.#....P≈≈~~..#
.....~.P≈~~..#
......~~≈~~..#
......~~≈~)..#
#......~≈~...##
.......~~P@...#
.......~~O§§..#
.....P.≈~☼☼§..##
#....~~≈≈§~~...#
.....~(≈≈≈P....#
.....~(≈≈≈P~...##
.......≈≈≈P~~...#
.......~≈≈≈≈....#
....<.~~≈≈≈P~P..##


You could see an ogre.

Vanquished Creatures
  A black bear (D:5)
  An ogre (D:5)
  A howler monkey (D:4)
  2 hounds (D:4)
  An orc priest (D:3)
  Natasha (thrice) (D:4)
  5 adders
  A shadow imp (D:4)
  A ribbon worm (D:2)
  12 orcs
  4 endoplasms
  2 giant cockroaches
  A goblin (D:2)
  3 hobgoblins
  3 jackals (D:2)
  4 quokkas
  4 ball pythons
  5 bats
  3 frilled lizards (D:1)
  6 kobolds
  3 rats
66 creatures vanquished.

Notes
Turn   | Place    | Note
-------+----------+-------------------------------------------
     0 | D:1      | jt the Formicid Alchemist began the quest for the Orb.
     0 | D:1      | Reached XP level 1. HP: 13/13 MP: 3/3
     2 | D:1      | Noticed a draconian
     2 | D:1      | Noticed a gargoyle
     4 | D:1      | Noticed a vampire
     6 | D:1      | Noticed a tengu
     6 | D:1      | Noticed a merfolk
     8 | D:1      | Noticed a naga
     8 | D:1      | Noticed a felid
    10 | D:1      | Noticed a demigod
    10 | D:1      | Noticed a human
    12 | D:1      | Noticed an octopode
    12 | D:1      | Noticed an elf
    14 | D:1      | Noticed a spriggan
    14 | D:1      | Noticed a minotaur
    16 | D:1      | Noticed an armataur
    18 | D:1      | Noticed a demonspawn
    21 | D:1      | Noticed a formicid
    23 | D:1      | Noticed a djinni
    23 | D:1      | Noticed a vine stalker
    25 | D:1      | Noticed a ghoul
    25 | D:1      | Noticed a barachi
    27 | D:1      | Noticed a troll
    27 | D:1      | Noticed an oni
   251 | D:1      | Reached XP level 2. HP: 19/19 MP: 3/5
   422 | D:2      | Reached XP level 3. HP: 24/24 MP: 1/7
   560 | D:3      | Learned a level 3 spell: Mephitic Cloud
   864 | D:3      | Reached skill level 5 in Alchemy
   898 | D:2      | Found a shadowy altar of Dithmenos.
   914 | D:2      | Became a worshipper of Dithmenos the Shadowed
  1035 | D:2      | Reached XP level 4. HP: 27/30 MP: 4/8
  1709 | D:3      | Reached skill level 1 in Air Magic
  1709 | D:3      | Reached XP level 5. HP: 18/35 MP: 2/10
  1874 | D:4      | Noticed Natasha
  1881 | D:4      | Killed Natasha
  1894 | D:4      | Learned a level 4 spell: Olgreb's Toxic Radiance
  1909 | D:4      | Noticed Natasha
  1924 | D:4      | Killed Natasha
  2022 | D:5      | Entered Level 5 of the Dungeon
  2030 | D:4      | Reached XP level 6. HP: 41/41 MP: 11/11
  2077 | D:4      | Noticed Natasha
  2096 | D:4      | Killed Natasha
  2105 | D:4      | Reached * piety under Dithmenos
  2236 | D:4      | Reached skill level 6 in Alchemy
  2384 | D:5      | Noticed a black bear
  2414 | D:5      | Killed a black bear
  2415 | D:5      | Reached skill level 1 in Fighting
  2415 | D:5      | Reached XP level 7. HP: 48/48 MP: 7/13
  2476 | D:5      | Slain by an ogre

Illustrated notes

Levels and vault maps discovered:
D:1:      kb_arrival_jail, layout_loops_ring, minmay_misc_feat_square
D:2:      layout_rooms, basic_altar
D:3:      layout_loops_corners
D:4:      layout_cave_pools, uniq_natasha
D:5:      layout_rooms, temple_green, serial_shops,
          nicolae_shop_tiny_real_fake_doors, nicolae_shop_getting_attention,
          nicolae_shop_competitors_out_of_business, shop, chequers_big_river

Skill      XL: |  1  2  3  4  5  6 |
---------------+-------------------+-----
Spellcasting   | 3 4 |  4.3
Alchemy        | 5 6 |  6.4
Stealth        | 3 4 |  4.7
Air Magic      | 1 2 |  2.3
Fighting       | 1 |  1.6
Dodging        | |  1.7
Conjurations   | |  0.8

Action                     |  1- 3 |  4- 6 |  7- 9 || total
---------------------------+-------+-------+-------++-------
  Melee: Dagger            |    51 |    87 |     2 ||   140
         Unarmed           |     5 |       |       ||     5
         Punch             |       |     2 |       ||     2
  Throw: Boomerang         |       |     2 |       ||     2
         Dart              |       |     1 |     2 ||     3
   Cast: Sting             |    42 |    47 |     2 ||    91
         Mephitic Cloud    |       |     1 |     1 ||     2
         Olgreb's Toxic Ra |       |       |     1 ||     1
    Use: Potion            |     1 |       |     1 ||     2
   Stab: Sleeping          |     2 |       |       ||     2
         Confused          |       |     1 |       ||     1
 Armour: Robe              |    26 |     9 |       ||    35
         Leather armour    |       |    38 |     2 ||    40
  Dodge: Dodged            |    49 |    54 |       ||   103
